[Event "Titled Tuesday Blitz November 9 2021"]
[White "Bortnyk, Mykola"]
[Black "Zierk, Steven"]
[WhiteFideId "14120836"]
[BlackFideId "2034255"]
[WhiteElo "2582"]
[BlackElo "2494"]
[Result "0-1"]
[Round "08"]
[TimeControl "180+1"]
[Date "2021.11.09"]
[WhiteClock "0:00:17"]
[BlackClock "0:00:06"]

1. e4 e6 2. d4 d5 3. Nc3 Bb4 4. exd5 exd5 5. Bd3 Nc6 6. Be3 Nf6 7. h3 Ne4 8. Ne2 Bf5 9. a3 Nxc3 10. bxc3 Bxd3 11. cxd3 Bd6 12. Qb3 O-O 13. Qxd5 Re8 14. Qf3 Re6 15. O-O Rf6 16. Qh5 Qd7 17. Rab1 b6 18. Qg4 Qxg4 19. hxg4 Rg6 20. g5 Re8 21. Rfe1 Bxa3 22. d5 Ne5 23. Rbd1 Be7 24. f4 Ng4 25. Bd4 Bd6 26. Ng3 Rxe1+ 27. Rxe1 Kf8 28. Re4 h6 29. Nh5 f5 30. Re6 Kf7 31. Nxg7 Rxg7 32. Bxg7 Kxg7 33. gxh6+ Nxh6 34. g3 a5 35. Re2 a4 36. Ra2 a3 37. Kf2 Ng4+ 38. Ke2 Nf6 39. c4 Bc5 40. d4 Bxd4 41. Rxa3 Ne4 42. Ra7 Nxg3+ 43. Kf3 Ne4 44. Rxc7+ Kf6 45. Rc6+ Kf7 46. Ke2 Bc5 47. Rh6 Nf6 48. Kd3 Kg7 49. Rh1 Ne4 50. Kc2 Be3 51. Rh4 Kf6 52. Kd3 Bc5 53. Rh6+ Ke7 54. Re6+ Kd7 55. Re5 Nd6 56. Kc3 Bf2 57. Kb4 Bg3 58. Re6 Bxf4 59. Rg6 Be3 60. Rg7+ Ke8 61. Kc3 Bc5 62. Kd3 Nf7 63. Rh7 Ke7 64. Rh1 Ne5+ 65. Kc3 f4 66. Rf1 f3 67. Rh1 f2 68. Kd2 Nxc4+ 69. Ke2 Kd6 70. Rh5 Ne5 71. Rh1 Kxd5 72. Rd1+ Bd4 73. Rb1 Nc6 74. Rb5+ Bc5 75. Rb1 Nb4 76. Rd1+ Bd4 77. Rb1 Nc2 78. Rb5+ Kc4 79. Rf5 b5 80. Rf8 b4 81. Rc8+ Bc5 82. Rb8 b3 83. Kf1 Nb4 0-1


[Site "https://www.chess.com"]

[Event "Titled Tuesday Blitz November 9 2021"]
[White "Cunjalo, Faris"]
[Black "Xiong, Jeffery"]
[WhiteFideId "14410710"]
[BlackFideId "2047640"]
[WhiteElo "2263"]
[BlackElo "2699"]
[Result "1/2-1/2"]
[Round "08"]
[TimeControl "180+1"]
[Date "2021.11.09"]
[WhiteClock "0:02:03"]
[BlackClock "0:02:42"]

1. d4 Nf6 2. Bf4 d5 3. e3 c5 4. c3 Qb6 5. Qb3 Nc6 6. Nd2 g6 7. Ngf3 c4 8. Qc2 Bf5 9. Qc1 Bg7 10. Be2 O-O 11. O-O Qa5 12. b3 b5 13. a4 b4 14. cxb4 Nxb4 15. bxc4 Nc2 16. Ra2 Nb4 17. Ra3 Nc2 18. Ra2 Nb4 19. Ra3 Nc2 20. Ra2 1/2-1/2


[Site "https://www.chess.com"]

[Event "Titled Tuesday Blitz November 9 2021"]
[White "Erdogmus, Yagiz Kaan"]
[Black "Sellitti, Federico"]
[WhiteFideId "44599790"]
[BlackFideId "821829"]
[WhiteElo "1783"]
[BlackElo "2604"]
[Result "0-1"]
[Round "08"]
[TimeControl "180+1"]
[Date "2021.11.09"]
[WhiteClock "0:00:06"]
[BlackClock "0:00:38"]

1. e4 c5 2. Nf3 Nf6 3. e5 Nd5 4. Nc3 Nxc3 5. dxc3 Nc6 6. Bf4 e6 7. Qd2 Qc7 8. h4 h6 9. h5 b6 10. O-O-O Bb7 11. Bd3 O-O-O 12. Qe2 Kb8 13. g4 d5 14. Bb5 Qc8 15. g5 a6 16. Bxc6 Qxc6 17. gxh6 gxh6 18. Rh3 Qa4 19. Be3 Qxa2 20. b3 d4 21. cxd4 cxd4 22. Rxd4 Bb4 23. Rxd8+ Rxd8 24. Bd4 Rxd4 25. Nxd4 Qa1# 0-1


[Site "https://www.chess.com"]

[Event "Titled Tuesday Blitz November 9 2021"]
[White "Grachev, Boris"]
[Black "Kalashian, David"]
[WhiteFideId "4129199"]
[BlackFideId "13302418"]
[WhiteElo "2555"]
[BlackElo "2490"]
[Result "1-0"]
[Round "08"]
[TimeControl "180+1"]
[Date "2021.11.09"]
[WhiteClock "0:00:03"]
[BlackClock "0:00:10"]

1. Nf3 Nf6 2. c4 e6 3. Nc3 Bb4 4. Qc2 O-O 5. g4 d5 6. g5 Bxc3 7. dxc3 Ne4 8. Bf4 f5 9. gxf6 Qxf6 10. Bxc7 Qh6 11. Bxb8 Rxb8 12. h4 b5 13. cxb5 Rxb5 14. Bh3 Rb7 15. Rg1 Kh8 16. Rg2 Rbf7 17. Bg4 Rf4 18. Qc1 Ba6 19. Qe3 Nf6 20. Ne5 Nxg4 21. Rxg4 Rxg4 22. Qxh6 Rg1+ 23. Kd2 gxh6 24. Rxg1 Rxf2 25. c4 dxc4 26. Ke3 Rf5 27. Kd4 Bb7 28. e4 Rf4 29. Rg4 Rxg4 30. Nxg4 Kg7 31. Ke5 Kf7 32. Nxh6+ Kg6 33. Ng4 Kh5 34. Nf6+ Kg6 35. Kxe6 Bc8+ 36. Ke7 a5 37. a3 h6 38. e5 Kf5 39. Kd6 Kf4 40. Ng8 Ke3 41. Nxh6 Kd2 42. e6 Bxe6 43. Kxe6 Kc2 44. Nf5 Kxb2 45. h5 Kxa3 46. h6 c3 47. Ne3 Kb3 48. h7 a4 49. h8=Q a3 50. Nd1 Ka2 51. Qxc3 Kb1 52. Qxa3 Kc2 53. Qc3+ Kb1 54. Qb2# 1-0


[Site "https://www.chess.com"]

[Event "Titled Tuesday Blitz November 9 2021"]
[White "Gracia Alvarez, Gerardo Antonio"]
[Black "Zubov, Alexander"]
[WhiteFideId "5109124"]
[BlackFideId "14109409"]
[WhiteElo "2148"]
[BlackElo "2685"]
[Result "0-1"]
[Round "08"]
[TimeControl "180+1"]
[Date "2021.11.09"]
[WhiteClock "0:00:04"]
[BlackClock "0:00:05"]

1. d4 Nf6 2. c4 e6 3. Nf3 b6 4. a3 Bb7 5. Nc3 d5 6. cxd5 Nxd5 7. Qc2 Nxc3 8. bxc3 Be7 9. e4 O-O 10. Bd3 c5 11. O-O Nd7 12. Bb2 Rc8 13. Qe2 Nf6 14. Rad1 Qc7 15. Nd2 Qf4 16. Rfe1 Rfd8 17. Nf1 cxd4 18. cxd4 Qh4 19. Ng3 g6 20. Qf3 Qg4 21. Qxg4 Nxg4 22. f3 Nf6 23. Kf2 Kf8 24. Rc1 h5 25. Ne2 h4 26. Ke3 Nd7 27. Rxc8 Rxc8 28. Rc1 Rxc1 29. Bxc1 Bd6 30. h3 e5 31. Bb2 exd4+ 32. Nxd4 Bc5 33. Kf4 Bd6+ 34. Ke3 Ne5 35. Be2 Ke7 36. Nb5 Bc5+ 37. Bd4 Bxd4+ 38. Kxd4 Nc6+ 39. Kc3 a6 40. Nd4 Kd6 41. Nxc6 Kxc6 42. Bc4 f6 43. Kd4 Kd6 44. Bd3 g5 45. Bc4 b5 46. Bb3 a5 47. Bc2 Bc6 48. Bd3 Bd7 49. Be2 Be8 50. Bd3 b4 51. axb4 axb4 52. Kc4 Ke5 53. Kxb4 Kd4 54. Bf1 Ke3 55. Kc5 Kf2 56. Bc4 Kxg2 57. Kd6 Kxh3 58. Ke6 Kg2 59. Kxf6 h3 60. f4 gxf4 61. e5 h2 62. Bd5+ f3 63. e6 h1=Q 0-1


[Site "https://www.chess.com"]

[Event "Titled Tuesday Blitz November 9 2021"]
[White "Grischuk, Alexander"]
[Black "Bazeev, German"]
[WhiteFideId "4126025"]
[BlackFideId "24119350"]
[WhiteElo "2757"]
[BlackElo "2462"]
[Result "1-0"]
[Round "08"]
[TimeControl "180+1"]
[Date "2021.11.09"]
[WhiteClock "0:00:27"]
[BlackClock "0:00:30"]

1. e4 c6 2. Nf3 d5 3. d3 Qc7 4. exd5 cxd5 5. c4 Nf6 6. Nc3 e6 7. g3 a6 8. Qe2 Be7 9. Bf4 Qb6 10. Be3 Bc5 11. Bxc5 Qxc5 12. Bg2 O-O 13. O-O Nc6 14. a3 Nd4 15. Nxd4 Qxd4 16. Rfe1 Bd7 17. cxd5 exd5 18. Qe5 Qxe5 19. Rxe5 d4 20. Nd5 Rfe8 21. Nxf6+ gxf6 22. Rd5 Bc6 23. Rxd4 Bxg2 24. Kxg2 Re2 25. Rb4 b5 26. Rc1 Rd8 27. Rc6 Kg7 28. Rxa6 h5 29. Rxb5 Rxd3 30. Rxh5 1-0


[Site "https://www.chess.com"]

[Event "Titled Tuesday Blitz November 9 2021"]
[White "Hakobyan, Aram"]
[Black "Madaminov, Mukhiddin"]
[WhiteFideId "13306677"]
[BlackFideId "14210703"]
[WhiteElo "2557"]
[BlackElo "1855"]
[Result "1-0"]
[Round "08"]
[TimeControl "180+1"]
[Date "2021.11.09"]
[WhiteClock "0:00:49"]
[BlackClock "0:00:18"]

1. b3 Nf6 2. Bb2 e6 3. Nf3 Be7 4. g4 O-O 5. g5 Ne8 6. h4 f6 7. e3 d5 8. g6 h6 9. c4 c5 10. cxd5 exd5 11. Nc3 Be6 12. d4 Nc6 13. dxc5 Bxc5 14. a3 Rc8 15. b4 Be7 16. Bg2 Nc7 17. Nd4 Nxd4 18. Qxd4 Bd6 19. f4 h5 20. Bf3 Re8 21. Bxh5 Bf5 22. Bf3 Bxg6 23. h5 Bf7 24. h6 Ne6 25. Qd2 Nxf4 26. hxg7 Qb6 27. Kf2 d4 28. exd4 Bg6 29. Rag1 Nd3+ 30. Qxd3 Bxd3 31. Bd5+ 1-0


[Site "https://www.chess.com"]

[Event "Titled Tuesday Blitz November 9 2021"]
[White "Harshavardhan G B"]
[Black "Zhigalko, Sergei"]
[WhiteFideId "25059009"]
[BlackFideId "13502956"]
[WhiteElo "1825"]
[BlackElo "2662"]
[Result "0-1"]
[Round "08"]
[TimeControl "180+1"]
[Date "2021.11.09"]
[WhiteClock "0:00:30"]
[BlackClock "0:00:10"]

1. d4 Nf6 2. c4 e6 3. Nf3 b6 4. a3 Ba6 5. Qc2 Bb7 6. Nc3 c5 7. d5 exd5 8. cxd5 Nxd5 9. Nxd5 Bxd5 10. e4 Be6 11. Bf4 Nc6 12. Bb5 Qf6 13. Bxc6 dxc6 14. Bg5 Qg6 15. Qa4 b5 16. Qa6 Qxe4+ 17. Kf1 h6 18. Qb7 Rc8 19. Re1 Qd3+ 20. Kg1 Qd7 21. Qxd7+ Kxd7 22. Be3 Bd6 23. h4 Rhe8 24. h5 Bd5 25. Rh4 Be6 26. Bd2 Bf5 27. Rd1 Bc2 28. Rc1 Bf5 29. Bc3 f6 30. Rd1 Rcd8 31. Ba5 Rc8 32. Bc3 Re6 33. Rf4 Bc2 34. Rd2 Be4 35. b3 Rg8 36. Nh4 Bd5 37. Ng6 Re1+ 38. Kh2 Bxf4+ 39. Nxf4 Re4 40. Kg3 Kd6 41. b4 c4 42. Bd4 Kd7 43. Bxa7 Ra8 44. Bc5 Rxa3+ 45. f3 Re5 46. Bf8 c3 47. Rc2 Be6 48. Bxg7 Rg5+ 49. Kh4 Rxg7 50. Re2 Bf5 51. g4 c2 52. Re1 Bh7 53. Rc1 Re7 54. Ng6 Rf7 55. Rxc2 Rxf3 56. Rd2+ Kc7 57. Ra2 Kb7 58. Rd2 Bxg6 59. hxg6 Rg7 60. Rd8 Rxg6 61. Rf8 Kb6 62. Rf7 Rf4 63. Kh5 Rgxg4 64. Re7 Rxb4 65. Re6 Rgc4 66. Re8 f5 67. Rf8 Kc5 68. Rxf5+ Kb6 69. Rf8 Rh4+ 70. Kg6 Rbg4+ 71. Kh7 Rf4 72. Rc8 Kc5 73. Kg6 Rhg4+ 74. Kh7 Rd4 75. Rf8 Rge4 76. Rf5+ Rd5 77. Rf1 Kd6 78. Rf6+ Re6 79. Rf8 h5 80. Ra8 h4 81. Ra3 Rh5+ 82. Kg7 h3 83. Ra1 h2 84. Rh1 Rh3 85. Kf7 Ree3 86. Rd1+ Kc5 87. Rh1 Kb6 88. Kf6 Reg3 89. Kf5 Rg1 90. Kf4 Rxh1 91. Kg4 Rg1+ 92. Kf4 Rd3 93. Ke5 Re1+ 94. Kf4 c5 95. Kf5 c4 96. Kf4 c3 97. Kf5 c2 98. Kf6 c1=Q 99. Kf5 Rd2 100. Kg4 h1=Q 101. Kf5 Qf3+ 102. Kg5 Rg2+ 103. Kh4 Rh1# 0-1


[Site "https://www.chess.com"]

[Event "Titled Tuesday Blitz November 9 2021"]
[White "Holt, Conrad"]
[Black "Bologan, Victor"]
[WhiteFideId "2034387"]
[BlackFideId "13900048"]
[WhiteElo "2586"]
[BlackElo "2472"]
[Result "1-0"]
[Round "08"]
[TimeControl "180+1"]
[Date "2021.11.09"]
[WhiteClock "0:01:11"]
[BlackClock "0:00:02"]

1. d4 Nf6 2. c4 g6 3. Nc3 Bg7 4. e4 d6 5. Nf3 O-O 6. h3 e5 7. d5 a5 8. Bg5 h6 9. Be3 Nfd7 10. Qd2 Kh7 11. Bd3 Nc5 12. Bc2 Nba6 13. a3 Bd7 14. h4 h5 15. b3 c6 16. Rb1 cxd5 17. exd5 Bg4 18. Ng5+ Kg8 19. b4 axb4 20. axb4 Nd7 21. f3 Bf5 22. Bxf5 gxf5 23. O-O Rc8 24. Nb5 Nb6 25. Qd3 e4 26. fxe4 Nxc4 27. exf5 Ne5 28. Qe2 Ng4 29. f6 Bxf6 30. Qd3 Bxg5 31. Bxg5 Qd7 32. Nd4 Rfe8 33. Nf5 f6 34. Bf4 Ne5 35. Bxe5 dxe5 36. Ng3 Qg4 37. Ne4 1-0


[Site "https://www.chess.com"]

[Event "Titled Tuesday Blitz November 9 2021"]
[White "Ibrahimli, Murad"]
[Black "Costachi, Mihnea"]
[WhiteFideId "13410229"]
[BlackFideId "1217518"]
[WhiteElo "2109"]
[BlackElo "2482"]
[Result "1-0"]
[Round "08"]
[TimeControl "180+1"]
[Date "2021.11.09"]
[WhiteClock "0:00:12"]
[BlackClock "0:00:17"]

1. Nf3 Nf6 2. d4 g6 3. c4 Bg7 4. Nc3 O-O 5. e4 d6 6. Be2 Na6 7. Bg5 h6 8. Be3 e5 9. dxe5 dxe5 10. h3 c6 11. O-O Qe7 12. Qa4 Nh5 13. Rfd1 Nf4 14. Bf1 Nc7 15. Qa5 Nce6 16. g3 Nh5 17. Nxe5 Ng5 18. Ng4 Nf3+ 19. Kh1 Bxg4 20. hxg4 Nf6 21. Bg2 b6 22. Qa4 Ne5 23. f3 Rfd8 24. Rxd8+ Rxd8 25. Rd1 Rxd1+ 26. Nxd1 Qd7 27. Qc2 h5 28. g5 Ne8 29. Nf2 Nd6 30. b3 Qe6 31. Bh3 Qe7 32. f4 Nf3 33. Qd1 Nd4 34. Bxd4 Nxe4 35. Qf3 Nxg3+ 36. Qxg3 Bxd4 37. Qf3 Qe1+ 38. Kg2 Qd2 39. Kf1 Qxa2 40. Ne4 Qb1+ 41. Ke2 Qc2+ 42. Nd2 c5 43. Qd3 Qc1 44. Ne4 Qh1 45. Qf3 Qh2+ 46. Qg2 Qxf4 47. Qf3 Qc1 48. Bd7 Qc2+ 49. Kf1 h4 50. Be8 Qc1+ 51. Kg2 Qc2+ 52. Kh3 f5 53. gxf6 Qc1 54. Bxg6 Qe3 55. Qxe3 Bxe3 56. Kxh4 Bd4 57. Kg4 a5 58. Kf5 a4 59. bxa4 Bb2 60. Nd6 Kf8 61. Nb5 Bxf6 62. Kxf6 Kg8 63. Bf5 Kh8 64. Ke6 Kg8 65. Kd6 Kg7 66. Kc6 Kf6 67. Kxb6 Kxf5 68. Kxc5 Ke5 69. a5 Ke6 70. a6 Kd7 71. a7 Kc8 72. a8=Q+ Kd7 73. Qb7+ Kd8 74. Qc7+ Ke8 75. Nd6+ Kf8 76. Qf7# 1-0


[Site "https://www.chess.com"]

[Event "Titled Tuesday Blitz November 9 2021"]
[White "Jobava, Baadur"]
[Black "Svane, Frederik"]
[WhiteFideId "13601520"]
[BlackFideId "12923044"]
[WhiteElo "2731"]
[BlackElo "2459"]
[Result "1-0"]
[Round "08"]
[TimeControl "180+1"]
[Date "2021.11.09"]
[WhiteClock "0:00:29"]
[BlackClock "0:00:03"]

1. e4 c5 2. c3 d5 3. exd5 Qxd5 4. d4 e6 5. Nf3 Nf6 6. Bd3 Be7 7. O-O O-O 8. Re1 Nc6 9. Be3 Rd8 10. Nbd2 cxd4 11. cxd4 b6 12. Rc1 Bb7 13. a3 Rac8 14. h3 h6 15. Qe2 Bf8 16. Rc3 Na5 17. Bf4 Nc6 18. Be3 Na5 19. Bf4 Nc6 20. Rc4 Ba6 21. Rc3 Bxd3 22. Rxd3 Qf5 23. Bg3 Qb5 24. Nf1 Nd5 25. Red1 Na5 26. Ne3 Nc4 27. Nxc4 Qxc4 28. Ne5 Qb5 29. Nxf7 Re8 30. Be5 Ne7 31. Nxh6+ 1-0


[Site "https://www.chess.com"]

[Event "Titled Tuesday Blitz November 9 2021"]
[White "Karttunen, Mika"]
[Black "Atakishiyev, Elmar"]
[WhiteFideId "502081"]
[BlackFideId "13410547"]
[WhiteElo "2343"]
[BlackElo "2088"]
[Result "0-1"]
[Round "08"]
[TimeControl "180+1"]
[Date "2021.11.09"]
[WhiteClock "0:00:26"]
[BlackClock "0:01:05"]

1. d4 Nf6 2. c4 g6 3. Nc3 d5 4. cxd5 Nxd5 5. e4 Nxc3 6. bxc3 Bg7 7. Be3 c5 8. Nf3 Qa5 9. Qd2 O-O 10. Rb1 a6 11. Rc1 Nc6 12. d5 Rd8 13. Be2 e6 14. Bg5 f6 15. Bf4 Qa4 16. c4 Nb4 17. O-O Qxa2 18. Qe3 Qa5 19. e5 exd5 20. cxd5 Nxd5 21. Bc4 Be6 22. Bxd5 Bxd5 23. Rxc5 Qa2 24. Rc7 Re8 25. Rxg7+ Kxg7 26. exf6+ Kg8 27. Ne5 Bf7 28. Qg3 Qe6 29. Qg5 Qf5 30. Qh4 Rxe5 31. Bxe5 Qxe5 32. f4 Qd4+ 33. Kh1 a5 34. f5 Qxh4 0-1


[Site "https://www.chess.com"]

[Event "Titled Tuesday Blitz November 9 2021"]
[White "Khanin, Semen"]
[Black "Nozdrachev, Leonid"]
[WhiteFideId "4111990"]
[BlackFideId "24113433"]
[WhiteElo "2442"]
[BlackElo "2124"]
[Result "1-0"]
[Round "08"]
[TimeControl "180+1"]
[Date "2021.11.09"]
[WhiteClock "0:02:01"]
[BlackClock "0:00:17"]

1. c4 e5 2. g3 Nf6 3. Nc3 Bb4 4. Bg2 Bxc3 5. bxc3 O-O 6. e4 d6 7. Ne2 Be6 8. d3 Qd7 9. h3 Nc6 10. f4 exf4 11. gxf4 Qe7 12. O-O Rfe8 13. Be3 Rad8 14. Qd2 d5 15. cxd5 Bxd5 16. exd5 Qxe3+ 17. Qxe3 Rxe3 18. dxc6 bxc6 19. Nd4 Rxd3 20. Nxc6 R8d6 21. Nxa7 Rb6 22. a4 Rxc3 23. a5 Rb2 24. Rf2 Rb8 25. a6 Kf8 26. Nb5 Rb3 27. Nxc7 Rb1+ 28. Rxb1 Rxb1+ 29. Rf1 Rxf1+ 30. Kxf1 Nd7 31. Nd5 1-0


[Site "https://www.chess.com"]

[Event "Titled Tuesday Blitz November 9 2021"]
[White "Khusnutdinov, Rustam"]
[Black "Andreikin, Dmitry"]
[WhiteFideId "13701703"]
[BlackFideId "4158814"]
[WhiteElo "2571"]
[BlackElo "2736"]
[Result "1-0"]
[Round "08"]
[TimeControl "180+1"]
[Date "2021.11.09"]
[WhiteClock "0:00:23"]
[BlackClock "0:00:12"]

1. e4 g6 2. d4 Bg7 3. Nc3 c6 4. Be3 Nf6 5. f3 d6 6. Qd2 b5 7. Bh6 Bxh6 8. Qxh6 Qa5 9. Bd3 b4 10. Nd1 b3+ 11. c3 Ba6 12. Bxa6 Qxa6 13. Ne2 Nbd7 14. Ne3 bxa2 15. Kf2 Rb8 16. b4 c5 17. bxc5 Rb2 18. Rhe1 Qd3 19. c6 Nb6 20. d5 Na4 21. Nd1 Rc2 22. Qe3 Nc5 23. Kf1 O-O 24. Qxd3 Nxd3 25. Nd4 Nxe1 26. Nxc2 Nxc2 27. Rxa2 e6 28. dxe6 fxe6 29. Rxc2 Nxe4 30. Ra2 Nc5 31. Rxa7 Rc8 32. c7 Kf7 33. Ne3 d5 34. c4 d4 35. Nc2 d3 36. Nb4 Ke7 37. Ke1 Kd6 38. Kd2 Rxc7 39. Rxc7 Kxc7 40. Nxd3 Nd7 41. Ke3 Kd6 42. Kd4 e5+ 43. Ke3 Ke6 44. Nf2 Nb6 45. Kd3 Na4 46. Ne4 Nb2+ 47. Kc3 Nd1+ 48. Kd2 Nb2 49. c5 Kd5 50. Nf6+ Kxc5 51. Nxh7 e4 52. fxe4 Kd4 53. Ng5 Nc4+ 54. Ke2 Ne5 55. Nf3+ Kxe4 56. Nxe5 Kxe5 57. Ke3 Kf5 58. Kf3 g5 59. Kg3 Kf6 60. Kg4 Kg6 61. g3 Kf6 62. Kh5 Kf5 63. g4+ Kf4 64. h3 Kg3 65. Kxg5 Kxh3 66. Kh5 Kg2 67. g5 Kg3 68. g6 Kf4 69. g7 Ke5 70. g8=Q Kd4 71. Qe6 Kc3 72. Kg5 Kd2 73. Kf4 Kc1 74. Qe2 Kb1 75. Ke3 Ka1 76. Kd3 Kb1 77. Kc3 Ka1 78. Qb2# 1-0


[Site "https://www.chess.com"]

[Event "Titled Tuesday Blitz November 9 2021"]
[White "Kollars, Dmitrij"]
[Black "Nakamura, Hikaru"]
[WhiteFideId "12909572"]
[BlackFideId "2016192"]
[WhiteElo "2584"]
[BlackElo "2884"]
[Result "0-1"]
[Round "08"]
[TimeControl "180+1"]
[Date "2021.11.09"]
[WhiteClock "0:00:08"]
[BlackClock "0:00:07"]

1. e4 g6 2. d4 Bg7 3. Nc3 a6 4. h4 h5 5. Be3 b5 6. Nh3 Bb7 7. Ng5 e6 8. Bd3 d6 9. g4 hxg4 10. Qxg4 Nf6 11. Qg2 Qe7 12. O-O-O Nbd7 13. f3 Nb6 14. Ne2 O-O-O 15. Ng3 c5 16. c3 Kb8 17. Kb1 Qc7 18. Qf2 Rc8 19. Bf4 e5 20. dxe5 dxe5 21. Be3 Bf8 22. Bc2 Nc4 23. Bc1 Nd6 24. Be3 Nh5 25. Nxh5 Rxh5 26. Bb3 c4 27. Bc2 Be7 28. Qg3 Bf6 29. Rh2 Bc6 30. Rhd2 Nb7 31. f4 Rch8 32. Qf2 Re8 33. fxe5 Bxe5 34. Qxf7 Qxf7 35. Nxf7 Bc7 36. Bg5 Rh7 37. Rf1 Bxe4 38. Bxe4 Rxe4 39. Rf6 Nc5 40. Kc2 Nd3 41. b3 Kb7 42. bxc4 bxc4 43. Rd1 Re2+ 44. Rd2 Re7 45. Nd6+ Bxd6 46. Rxd6 Re5 47. Rd4 Rc5 48. Re2 Rf7 49. Be3 Rcc7 50. Rg4 Rf6 51. Reg2 Re6 52. Bd2 Rcc6 53. Rd4 a5 54. Rgg4 Ne5 55. Rge4 Ka6 56. Rd5 Nf3 57. Rxe6 Rxe6 58. Bg5 Re2+ 59. Kb1 Ne1 60. Rd6+ Kb5 61. Rxg6 Nd3 62. h5 Rb2+ 63. Ka1 Rg2 64. Kb1 Rb2+ 65. Ka1 Rh2 66. Kb1 Rxh5 67. Bd2 Rh1+ 68. Kc2 Ra1 69. Rg5+ Ka4 70. Rg7 Rxa2+ 71. Kd1 Ra1+ 72. Kc2 Ra2+ 73. Kd1 Nc5 74. Rc7 Kb5 75. Rc8 Ne4 76. Be1 a4 77. Rb8+ Kc6 78. Rc8+ Kd5 79. Rd8+ Ke5 80. Re8+ Kf4 81. Rc8 Ra1+ 82. Ke2 Ra2+ 83. Kf1 Kf3 84. Rf8+ Ke3 85. Rc8 Kd3 86. Rd8+ Kc2 87. Rd4 Nc5 88. Rxc4 Nd3 89. Ke2 Nxe1 90. Kxe1 Kd3 91. Rd4+ Kxc3 92. Rf4 a3 93. Rf3+ Kb2 94. Rf2+ Kb1 95. Rf3 Kb2 96. Rf2+ Kb1 97. Rf3 Ra1 98. Kd2 Kb2 99. Rf7 a2 100. Rb7+ Ka3 101. Ra7+ Kb3 102. Rb7+ Kc4 103. Rc7+ Kd5 104. Rd7+ Kc6 105. Ra7 Rh1 106. Kc3 a1=Q+ 0-1


[Site "https://www.chess.com"]

[Event "Titled Tuesday Blitz November 9 2021"]
[White "Lazavik, Denis"]
[Black "Siva Mahadevan"]
[WhiteFideId "13515110"]
[BlackFideId "25043153"]
[WhiteElo "2436"]
[BlackElo "2203"]
[Result "1/2-1/2"]
[Round "08"]
[TimeControl "180+1"]
[Date "2021.11.09"]
[WhiteClock "0:00:05"]
[BlackClock "0:00:15"]

1. d4 Nf6 2. c4 g6 3. g3 Bg7 4. Bg2 O-O 5. Nf3 d6 6. Nc3 Nbd7 7. O-O e5 8. e4 c6 9. h3 Qa5 10. Be3 exd4 11. Nxd4 Nb6 12. Nb3 Qh5 13. Qxh5 Nxh5 14. Na5 Be6 15. c5 Nc4 16. Nxc4 Bxc4 17. Rfd1 dxc5 18. Bxc5 Rfd8 19. Bd6 Rd7 20. e5 Rad8 21. Kh2 f6 22. f4 fxe5 23. fxe5 Bf8 24. Ne4 Bd5 25. Nc5 Rxd6 26. exd6 Bxd6 27. Ne4 Bxe4 28. Bxe4 Bxg3+ 29. Kg2 Bd6 30. Rd2 Nf4+ 31. Kh1 Nxh3 32. Rad1 Re8 33. Bg2 Re3 34. Rxd6 Nf2+ 35. Kg1 Nxd1 36. Rxd1 Re7 37. Kf2 Kg7 38. Bf3 h5 39. Rd6 Kh6 40. Be2 Kg5 41. Bd3 Rg7 42. Kg3 h4+ 43. Kh3 Kh5 44. Be2+ Kg5 45. Re6 Kf5 46. Bg4+ Kf4 47. Re2 c5 48. Rf2+ Kg5 49. Re2 b6 50. Re5+ Kf4 51. Rd5 Re7 52. Bd7 g5 53. Rd1 Re3+ 54. Kg2 Re2+ 55. Kh3 g4+ 56. Bxg4 Re3+ 57. Kxh4 Ke5 58. Kg5 Rg3 59. Rd7 Rg2 60. Rxa7 Rxb2 61. a4 c4 62. Rc7 Kd4 63. Rd7+ Kc5 64. Rc7+ Kb4 65. Be6 Rg2+ 66. Kf4 Rc2 67. Ke3 Kxa4 68. Bxc4 Kb4 69. Rc6 Rxc4 70. Rxb6+ Kc5 71. Re6 Rc3+ 72. Kf4 Rc4+ 73. Re4 Rxe4+ 74. Kxe4 1/2-1/2


[Site "https://www.chess.com"]

[Event "Titled Tuesday Blitz November 9 2021"]
[White "Libiszewski, Fabien"]
[Black "Gubajdullin, Alexei"]
[WhiteFideId "616834"]
[BlackFideId "4141202"]
[WhiteElo "2440"]
[BlackElo "2268"]
[Result "1-0"]
[Round "08"]
[TimeControl "180+1"]
[Date "2021.11.09"]
[WhiteClock "0:00:03"]
[BlackClock "0:00:01"]

1. e4 d6 2. Nc3 g6 3. h4 h6 4. h5 g5 5. d3 Bg7 6. f4 gxf4 7. Bxf4 Nf6 8. Qd2 Ng4 9. O-O-O c5 10. Kb1 Nc6 11. Nf3 Rb8 12. Nh4 b5 13. Nf5 Bxf5 14. exf5 b4 15. Nd5 a5 16. Rh3 Bd4 17. Rg3 Nf6 18. Nxf6+ Bxf6 19. Bxh6 Nd4 20. Bg7 Bxg7 21. Rxg7 Nxf5 22. Rg5 Nd4 23. h6 Kd7 24. Rh5 a4 25. h7 a3 26. b3 e6 27. Qh6 Nb5 28. Re1 Nc3+ 29. Ka1 Nd5 30. Qg7 Qf6+ 31. Qxf6 Nxf6 32. Rh6 Ke7 33. d4 cxd4 34. Bd3 Ng4 35. Rh4 Ne5 36. Bf1 f5 37. Kb1 Kf6 38. Kc1 Rb7 39. Rxd4 d5 40. Rd2 Rhxh7 41. Rde2 Ng4 42. Rxe6+ Kg5 43. Rd6 Rhc7 44. Rxd5 Rc3 45. Bd3 Nh6 46. Rf1 Rbc7 47. Kd2 R3c5 48. Rd4 Rb7 49. Rff4 Rb6 50. Rxb4 Rxb4 51. Rxb4 Ng4 52. Ra4 Re5 53. Rxa3 Re3 54. Ra8 Rg3 55. Ra5 Rxg2+ 56. Kc3 Ne3 57. a4 Kg4 58. Ra8 f4 59. Rg8+ Kf3 60. Rxg2 Kxg2 61. Be4+ Kf2 62. a5 1-0


[Site "https://www.chess.com"]

[Event "Titled Tuesday Blitz November 9 2021"]
[White "Llorente Zaro, Alfonso"]
[Black "Martinez Alcantara, Jose Eduardo"]
[WhiteFideId "2254131"]
[BlackFideId "3805662"]
[WhiteElo "2480"]
[BlackElo "2690"]
[Result "0-1"]
[Round "08"]
[TimeControl "180+1"]
[Date "2021.11.09"]
[WhiteClock "0:00:04"]
[BlackClock "0:02:32"]

1. d4 d5 2. Nf3 Nf6 3. e3 e6 4. c4 dxc4 5. Bxc4 a6 6. Nc3 c5 7. dxc5 Qxd1+ 8. Kxd1 Bxc5 9. a3 b5 10. Bd3 Bb7 11. Ke2 Nbd7 12. b4 Bd6 13. Bb2 Ke7 14. Rhd1 Rac8 15. a4 Bxb4 16. Rdc1 bxa4 17. Nxa4 a5 18. g3 Bc6 19. Nc3 Nc5 20. Bc4 Nce4 21. Nd4 Bb7 22. Bd3 Nxc3+ 0-1


[Site "https://www.chess.com"]

[Event "Titled Tuesday Blitz November 9 2021"]
[White "Maghsoodloo, Parham"]
[Black "Rostovtsev, Dmitry"]
[WhiteFideId "12539929"]
[BlackFideId "34278320"]
[WhiteElo "2601"]
[BlackElo "2253"]
[Result "1-0"]
[Round "08"]
[TimeControl "180+1"]
[Date "2021.11.09"]
[WhiteClock "0:01:35"]
[BlackClock "0:00:01"]

1. e4 e5 2. Nf3 Nc6 3. Bc4 Bc5 4. O-O Nf6 5. d3 d6 6. h3 h6 7. c3 O-O 8. Re1 a6 9. a4 Ne7 10. Nbd2 Ng6 11. Nf1 c6 12. Ng3 d5 13. Bb3 Bd6 14. Be3 a5 15. Qd2 Be6 16. Bc2 Re8 17. Rad1 Bc7 18. Qc1 Bb6 19. d4 Nxe4 20. Nxe4 dxe4 21. dxe5 Bxe3 22. Qxe3 Qc7 23. Bxe4 Bb3 24. Rd4 Ne7 25. Nd2 Be6 26. f4 Nf5 27. Bxf5 Bxf5 28. Nc4 Be6 29. Nd6 Re7 30. c4 b6 31. f5 Bd7 32. f6 Re6 33. Nf5 Rae8 34. Nxh6+ Kf8 35. Ng4 1-0


[Site "https://www.chess.com"]

[Event "Titled Tuesday Blitz November 9 2021"]
[White "Makhnev, Denis"]
[Black "Manafov, Vugar"]
[WhiteFideId "13707647"]
[BlackFideId "13410814"]
[WhiteElo "2537"]
[BlackElo "2277"]
[Result "1-0"]
[Round "08"]
[TimeControl "180+1"]
[Date "2021.11.09"]
[WhiteClock "0:01:12"]
[BlackClock "0:00:50"]

1. e4 Nf6 2. e5 Nd5 3. d4 d6 4. c4 Nb6 5. exd6 cxd6 6. Nc3 g6 7. Be3 Bg7 8. Rc1 O-O 9. b3 Bf5 10. Be2 d5 11. c5 Nc8 12. g4 Bd7 13. h4 e5 14. dxe5 Nc6 15. f4 d4 16. Bxd4 Bxg4 17. Be3 Bxe2 18. Qxd8 Rxd8 19. Ngxe2 N8e7 20. Ng3 Nb4 21. Ke2 Bh6 22. Rhd1 Ned5 23. Nxd5 Nxd5 24. Kf3 f6 25. Ne4 Kf7 26. Nd6+ Ke6 27. f5+ gxf5 28. Bxh6 fxe5 29. Nxb7 Rg8 30. c6 e4+ 31. Kf2 Ke5 32. Rc5 1-0


[Site "https://www.chess.com"]